 Dungeon Crawl Stone Soup version 0.20.1-1-g8b1a95d (console) character file.

79 bli the Poker (level 4, 0/38 HPs)
             Began as a Draconian Wanderer on July 29, 2017.
             Was a Follower of Ashenzari.
             Slain by a goblin
             ... wielding a +0 dagger
             ... led by Robin
              (3 damage)
             ... on level 3 of the Dungeon.
             The game lasted 00:06:35 (1797 turns).

bli the Poker (Draconian Wanderer)                  Turns: 1797, Time: 00:06:36

Health: 0/38       AC:  5    Str: 13    XL:     4   Next: 17%
Magic:  5/5        EV:  9    Int: 14    God:    Ashenzari [*.....]
Gold:   130        SH:  0    Dex: 11    Spells: 3/3 levels left

rFire    + . .     SeeInvis .   a - +0 spear (pierce)
rCold    x . .     Gourm    .   (no shield)
rNeg     . . .     Faith    .   (armour unavailable)
rPois    .         Spirit   .   (helmet restricted)
rElec    .         Reflect  .   (no cloak)
rCorr    .         Harm     .   (no gloves)
MR       .....                  (no boots)
Stlth    ++........             (no amulet)
Regen    0.2/turn               i - ring of fire
MPRegen  0.1/turn               q - -2 ring of evasion (curse)

@: no status effects
A: unfitting armour, cold-blooded, AC +5
a: Curse Item, Scrying, Renounce Religion


You were on level 3 of the Dungeon.
You worshipped Ashenzari.
Ashenzari was aware of your devotion.
You were hungry.

You visited 1 branch of the dungeon, and saw 3 of its levels.

You collected 130 gold pieces.

Inventory:

Hand Weapons
 a - a +0 spear of piercing (weapon)
 c - a +0 spear
 d - a +0 hand axe
 j - a +0 short sword of flaming
 m - a +2 dagger
Missiles
 h - 151 stones (quivered)
Jewellery
 i - a ring of fire (left hand)
 q - a cursed -2 ring of evasion (right hand)
Wands
 p - a wand of digging (4/24)
Scrolls
 n - 2 scrolls of identify
 o - a scroll of fear
 r - a scroll of recharging {unknown}
Potions
 b - a potion of berserk rage
 e - a potion of lignification {unknown}
 k - a potion of agility {unknown}
 l - a potion of mutation {unknown}
 s - a potion of ambrosia {unknown}
Comestibles
 f - 3 bread rations
 g - 2 meat rations


   Skills:
 * Level 3.5 Fighting
 + Level 1.0(2.7) Axes
 + Level 4.0(4.1) Polearms
 + Level 0.5 Dodging
 + Level 2.0 Stealth
 + Level 2.0 Evocations


You had 3 spell levels left.
You didn't know any spells.

Dungeon Overview and Level Annotations

Branches:
Dungeon (3/15)

Altars:
Ashenzari

Annotations:
D:3 Robin


Innate Abilities, Weirdness & Mutations

Your plain brown scales are hard. (AC +5)
You cannot fit into any form of body armour.
You are cold-blooded and may be slowed by cold attacks.


Message History

The goblin closely misses you.
You hit Robin but do no damage.
The hobgoblin no longer looks unusually strong.
The goblin hits you but does no damage.
You barely miss Robin. You tail-slap Robin, but do no damage.
Robin barely misses you.
The goblin hits you but does no damage. x2
You barely miss Robin.
Your tail-slap misses Robin.
Robin says, "Feeling lonely?"
Robin hits you with a short sword. The goblin hits you with a club.
* * * LOW HITPOINT WARNING * * *
The goblin hits you with an uncursed dagger.
* * * LOW HITPOINT WARNING * * *
You hit Robin but do no damage.
Your tail-slap misses Robin.
Robin hits you with a short sword.
* * * LOW HITPOINT WARNING * * *
The goblin misses you. The goblin barely misses you.
You closely miss Robin.
Robin roars a battlecry!
The hobgoblin goes into a battle-frenzy!
The goblin hits you with an uncursed dagger.
You die...

##.# ##.#... .gg#
...!... #..#
....... #gg#
....... #..# .....
#..# ... .
#..####g#
#...###..ggg@g#
.........######
#...#.#...#
#...#.###.###
#...#.# #.#.#
#..##.# #.#.#
#.####.##.###.#.#
#......<......#.#
######.##.#####.###
.......##.........#
###################


You could see Robin, 2 hobgoblins and 2 goblins.

Vanquished Creatures
  3 adders (D:2)
  2 oozes
  A dart slug (D:2)
  A leopard gecko (D:2)
  4 giant cockroaches
  6 goblins (D:3)
  6 hobgoblins
  6 bats
  3 frilled lizards
  6 kobolds
  4 rats
42 creatures vanquished.

Notes
Turn   | Place    | Note
-------+----------+-------------------------------------------
     0 | D:1      | bli the Draconian Wanderer began the quest for the Orb.
     0 | D:1      | bli set off with: a +2 dagger, a potion of berserk rage, a +0 spear, a +0 hand axe, a bread ration
     0 | D:1      | Reached XP level 1. HP: 17/17 MP: 2/2
   389 | D:1      | Reached XP level 2. HP: 23/25 MP: 3/3
  1034 | D:2      | Reached XP level 3. HP: 26/31 MP: 4/4
  1302 | D:2      | Reached skill level 4 in Polearms
  1355 | D:2      | Found a faded altar of an unknown god.
  1397 | D:2      | Became a worshipper of Ashenzari the Shackled
  1397 | D:2      | Reached * piety under Ashenzari
  1607 | D:2      | Reached XP level 4. HP: 38/38 MP: 5/5
  1770 | D:3      | Noticed Robin
  1797 | D:3      | Slain by a goblin

Skill      XL: |  1  2  3 |
---------------+----------+-----
Fighting       | 3 |  3.5
Polearms       | 4 |  4.0
Stealth        | 2 |  2.0
Axes           | |  1.0
Dodging        | |  0.5
Evocations     | |  2.0

Action                   |  1- 3 |  4- 6 || total
-------------------------+-------+-------++-------
Melee: Dagger            |    40 |       ||    40
       Tailslap          |     6 |     2 ||     8
       Spear             |    65 |    29 ||    94
  Use: Scroll            |     1 |       ||     1
 Stab: Sleeping          |     6 |     1 ||     7
       Distracted        |     1 |       ||     1
  Eat: Chunk             |     2 |       ||     2
Armor: Skin              |    30 |     9 ||    39
Dodge: Dodged            |    53 |    10 ||    63
